 Dungeon Crawl Stone Soup version 0.27-a0-590-g94244163b4 (webtiles) character file.

Game seed: 2430952656291831878

320 Anon1729 the Cudgeller (level 6, 0/76 HPs)
             Began as a Palentonga Warper on Mar 10, 2021.
             Succumbed to a scorpion's poison
             ... on level 4 of the Dungeon.
             The game lasted 00:06:35 (4797 turns).

Anon1729 the Cudgeller (Palentonga Warper)          Turns: 4797, Time: 00:06:35

Health: 0/76       AC: 23    Str: 16    XL:     6   Next: 22%
Magic:  9/9        EV:  1    Int: 13    God:
Gold:   134        SH:  0    Dex: 10    Spells: 9/9 levels left

rFire    . . .     SeeInvis +   a - +0 mace
rCold    . . .     Faith    .   (no shield)
rNeg     + + +     Spirit   .   (armour currently unavailable)
rPois    +         Reflect  .   (helmet currently unavailable)
rElec    .         Harm     .   (cloak currently unavailable)
rCorr    .         Rampage  .   (gloves currently unavailable)
Will     +....     NoTele   +   (no barding)
Stlth    +.........             g - amulet of magic regeneration
HPRegen  0.22/turn              o - ring of willpower
MPRegen  0.36/turn              (no ring)

@: lethally poisoned (0 -> -39), tree-form, hasted, very quick
A: large, rugged brown scales 3, see invisible
a: no special abilities


You were on level 4 of the Dungeon.
You were a tree.
You visited 1 branch of the dungeon, and saw 4 of its levels.

You collected 134 gold pieces.

Inventory:

Hand Weapons
 a - a +0 mace (weapon)
 k - a +0 dagger of venom
Missiles
 e - 5 boomerangs of dispersal (quivered)
 m - 2 boomerangs
Armour
 b - a +0 leather armour
 f - a +0 plate armour (melded)
Jewellery
 g - an amulet of magic regeneration (around neck)
 o - a ring of willpower (right branch)
 q - an amulet of reflection
Scrolls
 d - a scroll of blinking
 h - a scroll of enchant weapon {unknown}
 i - a scroll of magic mapping {unknown}
 p - a scroll of amnesia {unknown}
 w - a scroll of immolation {unknown}
 x - a scroll of enchant armour {unknown}
Potions
 c - 2 potions of cancellation
 j - a potion of lignification
 l - a potion of heal wounds {unknown}
 n - a potion of attraction {unknown}
 r - 2 potions of haste
 s - 4 potions of brilliance
 t - a potion of curing {unknown}
 u - a potion of invisibility {unknown}
 v - a potion of berserk rage {unknown}


   Skills:
 - Level 2.0 Fighting
 + Level 6.5 Maces & Flails
 - Level 0.6 Throwing
 - Level 0.8 Armour
 - Level 1.6 Dodging
 - Level 2.0 Spellcasting
 - Level 3.0 Translocations


You had 9 spell levels left.
You didn't know any spells.
Your spell library contained the following spells:

 Spells                   Type           Power      Damage    Failure   Level
 Blink                    Tloc           N/A        N/A       11%         2
 Gell's Gravitas          Tloc           4%         N/A       22%         3
 Lesser Beckoning         Tloc           4%         N/A       22%         3
 Teleport Other           Tloc           9%         N/A       22%         3
 Manifold Assault         Tloc           9%         N/A       58%         4


Dungeon Overview and Level Annotations

Branches:
Dungeon (4/15)
 Temple: D:4-7

Altars:
Elyvilon
Zin

Shops:
D:3 *

Annotations:
D:3 3 runed translucent doors, bmj180's ghost, amateur GnWn


Innate Abilities, Weirdness & Mutations

(You are completely covered in rugged brown scales. (AC +3, +7% HP))
You have supernaturally acute eyesight. (SInv)
((Armour fits poorly on your strangely shaped body.))
((You can roll at nearby foes to attack.))
((You have a long armoured tail.))


Message History

You feel sick. The scorpion stings you.
You are more poisoned.
The scorpion poisons you!
You hit the scorpion but do no damage.
The scorpion is moderately wounded.
You feel sick. The scorpion stings you.
You are too injured to fight recklessly!
You are too injured to fight recklessly!
You are too injured to fight recklessly!
You are too injured to fight recklessly!
You are too injured to fight recklessly!
The ogre shouts!
You sock the scorpion!
The scorpion is severely wounded.
You feel sick.
The scorpion stings you but does no damage.
Your plate armour prevents you from hitting the scorpion.
The scorpion is severely wounded.
You feel sick.
A leopard gecko skeleton comes into view.
The scorpion stings you.
You are more poisoned.
The scorpion poisons you!
You hit the scorpion but do no damage.
The scorpion is severely wounded.
* * * LOW HITPOINT WARNING * * *
You feel very sick. The scorpion stings you.
* * * LOW HITPOINT WARNING * * *
It was a potion of haste.
You feel yourself speed up.
* * * LOW HITPOINT WARNING * * *
You feel very sick. The scorpion stings you.
* * * LOW HITPOINT WARNING * * *
You are more poisoned.
The scorpion poisons you!
It was a potion of lignification.
You turn into a tree.
Your +0 plate armour melds into your body.
Your roots penetrate the ground.
You die...

####...#.#.#..##....#
.#.....###.#.......##
.#.....#........#..#
.............#.....#
........###.....(..###
......<..#...........#
..........#........###
....................#
......#.###.....♣.###
......#..###...†.s.#
##.#.....# #......O#
#.......#.......#..Z
...###...[>.....####.
..#.....# .. .###....#
. #....#


You could see an ogre, a scorpion and a leopard gecko skeleton.

Vanquished Creatures
  2 hounds
  An orc wizard (D:3)
  2 worker ants (D:4)
  A hound skeleton (D:4)
  7 adders
  2 oozes (D:2)
  3 worms
  2 dart slugs
  3 leopard geckos
  5 orcs (D:3)
  13 bats
  3 giant cockroaches
  9 hobgoblins
  7 jackals
  7 kobolds
  4 quokkas
  A ball python (D:2)
  2 frilled lizards (D:3)
  6 goblins
  A quokka zombie (D:2)
  6 rats
87 creatures vanquished.

Notes
Turn   | Place    | Note
-------+----------+-------------------------------------------
     0 | D:1      | Anon1729 the Palentonga Warper began the quest for the Orb.
     0 | D:1      | Reached XP level 1. HP: 18/18 MP: 3/3
   422 | D:1      | Reached XP level 2. HP: 25/25 MP: 5/5
   751 | D:2      | Reached skill level 3 in Maces & Flails
  1049 | D:2      | Reached XP level 3. HP: 29/31 MP: 6/6
  1416 | D:2      | Reached skill level 4 in Maces & Flails
  1688 | D:2      | Reached XP level 4. HP: 38/38 MP: 7/7
  2227 | D:2      | Reached skill level 5 in Maces & Flails
  2814 | D:3      | Reached XP level 5. HP: 36/43 MP: 8/8
  3020 | D:3      | Found a white marble altar of Elyvilon.
  3089 | D:3      | Found Zin's Purification Station.
  3092 | D:3      | Found a glowing silver altar of Zin.
  3624 | D:3      | Noticed bmj180's ghost (amateur GnWn)
  3627 | D:3      | Found a runed translucent gate.
  3627 | D:3      | Found a runed translucent gate.
  3627 | D:3      | Found a runed translucent gate.
  3897 | D:4      | Noticed an ogre
  3976 | D:4      | Noticed an ogre
  4018 | D:3      | Reached skill level 6 in Maces & Flails
  4176 | D:4      | Reached XP level 6. HP: 38/51 MP: 9/9
  4796 | D:4      | HP: 1/51 [scorpion (5)]
  4797 | D:4      | Succumbed to a scorpion's poison

Illustrated notes

Levels and vault maps discovered:
D:1:      amcnicky_arrival_blooded_trapdoor, layout_loops_ring,
          serial_co_window_serial, co_window_corner_a, co_window_paths_b,
          co_window_paths_a, co_window_paths_a, co_window_paths_a,
          co_window_of_opportunity_a, co_window_paths_a, co_window_broadway_b,
          co_window_corner_b, co_window_of_opportunity_c, co_window_paths_e,
          co_window_4corner_b, glass_columns_b, glass_columns_a,
          glass_columns_b, glass_columns_b
D:2:      layout_basic
D:3:      layout_basic, nicolae_elyvilon_peaceful_grove, zin_purify,
          gammafunk_ghost_nasty_kobolds
D:4:      layout_cave_pools, minmay_temple_entry_statues

Skill      XL: |  1  2  3  4  5 |
---------------+----------------+-----
Maces & Flails | 3 4 5 6 |  6.5
Fighting       | |  2.0
Throwing       | |  0.6
Armour         | |  0.8
Dodging        | |  1.6
Spellcasting   | |  2.0
Translocations | |  3.0

Action                   |  1- 3 |  4- 6 || total
-------------------------+-------+-------++-------
Melee: Mace              |   156 |   235 ||   391
       Tailslap          |    12 |    25 ||    37
  Use: Scroll            |       |     2 ||     2
       Potion            |       |     2 ||     2
Armor: Plate armour      |   211 |   233 ||   444
       Leather armour    |     5 |       ||     5
Dodge: Dodged            |    23 |    24 ||    47

Table legend: (Time is in decaauts)
 A = Elapsed time spent in this place.
 B = Non-inter-level travel time spent in this place.
 C = Inter-level travel time spent in this place.
 D = Time resting spent in this place.
 E = Time spent auto-exploring this place.
 F = Levels seen in this place.
 G = Mean time per level.
                   A        B        C        D        E       F      G
               +--------+--------+--------+--------+--------+-----+--------+
         Total |   4872 |   4747 |    125 |    987 |   2924 |   4 | 1218.0 |
       Dungeon |   4872 |   4747 |    125 |    987 |   2924 |   4 | 1218.0 |
               +--------+--------+--------+--------+--------+-----+--------+

Top non-repeatable levels by time:
     D:2: 2197 daAuts
     D:3: 1742 daAuts
     D:1: 642 daAuts
     D:4: 291 daAuts
